 Dungeon Crawl Stone Soup version 0.27-a0-1301-g128193abf8 (webtiles) character file.

Game seed: 16644370648279697508

3433 pokeman the Thaumaturge (level 9, -2/51 HPs)
             Began as a Deep Elf Hedge Wizard on June 17, 2021.
             Was a Believer of Vehumet.
             Slain by a fire bat (8 damage)
             ... on level 9 of the Dungeon.
             The game lasted 00:18:23 (10174 turns).

pokeman the Thaumaturge (Deep Elf Hedge Wizard)    Turns: 10174, Time: 00:18:24

Health: -2/51      AC:  6    Str:  7    XL:     9   Next: 77%
Magic:  5/27       EV: 12    Int: 23    God:    Vehumet [**....]
Gold:   431        SH:  0    Dex: 14    Spells: 21/32 levels left

rFire    . . .     SeeInvis .   x - +5 trident
rCold    . . .     Faith    .   (no shield)
rNeg     . . .     Spirit   .   v - +0 leather armour
rPois    .         Reflect  .   c - +0 hat
rElec    .         Harm     .   e - +0 cloak
rCorr    .         Rampage  .   (no gloves)
Will     .....                  q - +1 pair of boots
Stlth    ++........             (no amulet)
HPRegen  0.17/turn              m - ring of wizardry
MPRegen  0.20/turn              j - ring of flight

@: flying
A: no striking features
a: Renounce Religion


You were on level 9 of the Dungeon.
You worshipped Vehumet.
Vehumet was pleased with you.
You visited 2 branches of the dungeon, and saw 10 of its levels.

You collected 431 gold pieces.

Inventory:

Hand Weapons
 f - a +1 short sword of electrocution
 x - a +5 trident (weapon)
 B - a +0 shortbow
Missiles
 h - 49 bolts
 y - 107 arrows
Armour
 c - a +0 hat (worn)
 e - a +0 cloak (worn)
 q - a +1 pair of boots (worn)
 v - a +0 leather armour (worn)
Jewellery
 j - a ring of flight (right hand)
 m - a ring of wizardry (left hand)
Wands
 b - a wand of polymorph (3)
Scrolls
 a - 2 scrolls of holy word {unknown}
 k - 7 scrolls of identify {unknown}
 l - a scroll of enchant armour {unknown}
 n - 2 scrolls of magic mapping {unknown}
 p - 3 scrolls of teleportation {unknown}
 t - 2 scrolls of noise {unknown}
Potions
 d - a potion of heal wounds {unknown}
 g - 4 potions of degeneration {unknown}
 i - a potion of resistance {unknown}
 o - 3 potions of curing
 r - 3 potions of flight {unknown}
 s - a potion of might {unknown}
 u - a potion of cancellation {unknown}
 w - a potion of invisibility {unknown}
 z - a potion of attraction {unknown}
 A - a potion of lignification {unknown}
 C - a potion of mutation {unknown}
 D - 2 potions of ambrosia {unknown}


   Skills:
 + Level 3.6 Fighting
 - Level 3.0 Armour
 - Level 3.0 Dodging
 - Level 3.0 Stealth
 * Level 12.0 Spellcasting
 + Level 6.8 Conjurations
 - Level 1.1 Summonings
 - Level 1.1 Translocations
 + Level 5.9 Fire Magic
 - Level 1.1 Air Magic
 - Level 1.1 Poison Magic
 - Level 1.1 Evocations


You had 21 spell levels left.
You knew the following spells:

 Your Spells              Type           Power      Damage    Failure   Level
a - Magic Dart            Conj           100%       1d8       1%          1
b - Mephitic Cloud        Conj/Pois/Air  27%        N/A       2%          3
c - Call Imp              Summ           18%        N/A       2%          2
d - Blink                 Tloc           N/A        N/A       2%          2
e - Conjure Flame         Conj/Fire      43%        6-21      1%          3

Your spell library contained the following spells:

 Spells                   Type           Power      Damage    Failure   Level
 Searing Ray              Conj           90%        3d6       1%          2
 Summon Small Mammal      Summ           72%        N/A       1%          1
 Dazzling Flash           Conj/Hex       58%        N/A       1%          3
 Animate Skeleton         Necr           26%        N/A       2%          1
 Corona                   Hex            14%        N/A       2%          1
 Pain                     Necr           52%        1d6       2%          1
 Sting                    Tmut/Pois      64%        1d6       2%          1
 Poisonous Vapours        Pois/Air       36%        N/A       2%          2
 Ignite Poison            Fire/Tmut/Pois 24%        N/A       3%          3
 Ensorcelled Hibernation  Hex/Ice        26%        N/A       4%          2
 Slow                     Hex            13%        N/A       4%          2
 Call Canine Familiar     Summ           18%        N/A       5%          3
 Gell's Gravitas          Tloc           9%         N/A       5%          3
 Summon Guardian Golem    Hex/Summ       16%        N/A       6%          3
 Confusing Touch          Hex            13%        N/A       9%          3
 Tukima's Dance           Hex            13%        N/A       9%          3
 Vampiric Draining        Necr           6%         2d6       9%          3
 Olgreb's Toxic Radiance  Pois           18%        N/A       16%         4
 Summon Lightning Spire   Summ/Air       18%        N/A       16%         4
 Summon Ice Beast         Ice/Summ       16%        N/A       21%         4
 Animate Dead             Necr           6%         N/A       26%         4
 Petrify                  Tmut/Erth      13%        N/A       26%         4
 Agony                    Necr           13%        N/A       56%         5
 Metabolic Englaciation   Hex/Ice        6%         N/A       56%         5
 Yara's Violent Unravell  Hex/Tmut       6%         3d5       56%         5


Dungeon Overview and Level Annotations

Branches:
Dungeon (9/15)             Temple (1/1) D:4
   Lair: D:8-11         Orc: D:9-12

Altars:
Ashenzari
Cheibriados
Kikubaaqudgha
Nemelex Xobeh
Okawaru
Trog
Vehumet
Wu Jian
Xom
Yredelemnul
Zin
The Shining One

Shops:
D:5 [


Message History

The fire bat appears confused.
Reach: x) +5 trident
Press: ? - help, Dir - move target, f/p - fire bat
Aim: a fire bat (noxious fumes, moderately wounded, confused, about 26% to evade your +5 trident)
You reach to attack!
You hit the fire bat.
The fire bat is heavily wounded.
The fire bat is engulfed in noxious fumes.
The fire bat appears confused.
The fire bat is engulfed in noxious fumes.
The fire bat appears confused.
The fire bat is engulfed in noxious fumes.
The fire bat appears confused.
The fire bat is engulfed in noxious fumes.
The fire bat appears confused.
Unknown command.
Reach: x) +5 trident
Press: ? - help, Dir - move target, f/p - fire bat
Aim: a fire bat (severely wounded, confused, about 26% to evade your +5 trident)
You reach to attack!
You closely miss the fire bat.
The fire bat is severely wounded.
The fire bat is engulfed in noxious fumes.
The fire bat appears confused.
The fire bat is engulfed in noxious fumes.
The fire bat appears confused.
Reach: x) +5 trident
Press: ? - help, Dir - move target, f/p - fire bat
Aim: a fire bat (severely wounded, confused, about 26% to evade your +5 trident)
You reach to attack!
You barely miss the fire bat.
The fire bat is severely wounded.
The fire bat is engulfed in noxious fumes.
The fire bat appears confused.
Reach: x) +5 trident
Press: ? - help, Dir - move target, f/p - fire bat
Aim: a fire bat (severely wounded, confused, about 26% to evade your +5 trident)
You reach to attack!
You hit the fire bat.
The fire bat is severely wounded.
The fire bat bites you.
* * * LOW HITPOINT WARNING * * *
You are engulfed in flames!
You die...

#..# #..#
#######..#
#.$.ยง....#
########.#
#.#######
#.......
#.#..####..
#.b@.......
#.#######..
#.#.$...#..
#.#.....#.#
#.+.._$.#.#
..#.$.$.#.#
...#.....#.#
##..#######.#


You could see a fire bat (confused).

Vanquished Creatures
  Pikel (D:8)
  A shadow (D:9)
  A spriggan (D:9)
  A wyvern (D:7)
  A wraith (D:8)
  Eustachio (D:5)
  The ghost of Dvallin the Skirmisher, an amateur HuMo of Uskayaw (D:3)
  Menkaure (D:4)
  2 sky beasts
  An ogre (D:5)
  A necrophage (D:7)
  A phantom (D:7)
  3 centaurs
  3 lemures (D:8)
  2 bullfrogs (D:6)
  2 wyvern zombies (D:8)
  2 scorpions (D:5)
  2 water moccasin skeletons
  7 wights
  A centaur zombie (D:5)
  A bullfrog zombie (D:6)
  4 hounds
  A jelly (D:4)
  An orc priest (D:5)
  A centaur skeleton (D:5)
  8 iguanas
  An orc wizard (D:5)
  A killer bee zombie (D:6)
  6 adders
  A howler monkey skeleton (D:7)
  A white imp (D:5)
  2 ufetubi
  4 worms
  5 dart slugs
  5 orcs
  10 bats
  9 endoplasms
  3 giant cockroaches (D:2)
  9 goblins
  15 hobgoblins
  6 jackals
  10 kobolds
  5 quokkas
  3 ball pythons
  7 frilled lizards
  7 rats
161 creatures vanquished.

Vanquished Creatures (collateral kills)
  An iron imp (D:5)
1 creature vanquished.

Vanquished Creatures (others)
  An ogre (D:3)
  2 adders (D:3)
  A ball python (D:3)
  A goblin (D:3)
  A hobgoblin (D:3)
  A bat (D:3)
  2 rats (D:3)
9 creatures vanquished.

Grand Total: 171 creatures vanquished

Notes
Turn   | Place    | Note
-------+----------+-------------------------------------------
     0 | D:1      | pokeman the Deep Elf Hedge Wizard began the quest for the
                  | Orb.
     0 | D:1      | Reached XP level 1. HP: 10/10 MP: 7/7
   455 | D:1      | Reached XP level 2. HP: 16/16 MP: 7/9
   980 | D:1      | Reached skill level 5 in Spellcasting
  1151 | D:1      | Reached XP level 3. HP: 20/20 MP: 8/11
  1155 | D:1      | Learned a level 3 spell: Conjure Flame
  1159 | D:1      | Learned a level 3 spell: Mephitic Cloud
  1162 | D:1      | Learned a level 2 spell: Call Imp
  1165 | D:1      | Learned a level 2 spell: Blink
  1537 | D:1      | Reached skill level 1 in Armour
  1858 | D:2      | Reached skill level 1 in Fighting
  2244 | D:2      | Reached XP level 4. HP: 25/25 MP: 9/13
  2274 | D:2      | Found a faded altar of an unknown god.
  2495 | D:2      | Reached skill level 1 in Fire Magic
  2685 | D:2      | Found a radiant altar of Vehumet.
  2690 | D:2      | Became a worshipper of Vehumet
  2706 | D:2      | Reached skill level 6 in Spellcasting
  2951 | D:2      | Reached XP level 5. HP: 29/29 MP: 8/15
  3667 | D:3      | Killed an ogre
  3810 | D:3      | Reached skill level 1 in Air Magic
  4043 | D:3      | Found a shimmering altar of Xom.
  4094 | D:3      | Reached * piety under Vehumet
  4094 | D:3      | Offered knowledge of Freeze by Vehumet.
  4175 | D:3      | Found a runed translucent door.
  4175 | D:3      | Noticed Dvallin's ghost (amateur HuMo)
  4464 | D:3      | Killed Dvallin's ghost
  4465 | D:3      | Reached skill level 7 in Spellcasting
  4465 | D:3      | Reached skill level 1 in Poison Magic
  4465 | D:3      | Reached XP level 6. HP: 34/34 MP: 4/18
  4628 | D:4      | Found a staircase to the Ecumenical Temple.
  5173 | D:4      | Found an ornate altar of the Wu Jian Council.
  5316 | D:4      | Noticed Menkaure
  5348 | D:4      | Killed Menkaure
  5349 | D:4      | Reached XP level 7. HP: 4/39 MP: 5/20
  5685 | D:4      | Found a sparkling altar of Nemelex Xobeh.
  5685 | D:4      | Found a glowing silver altar of Zin.
  5937 | Temple   | Entered the Ecumenical Temple
  5956 | D:5      | Entered Level 5 of the Dungeon
  6260 | D:5      | Noticed Eustachio
  6270 | D:5      | Reached skill level 8 in Spellcasting
  6279 | D:5      | Killed Eustachio
  6540 | D:5      | Found Aneplal's Antique Armour Emporium.
  6928 | D:5      | Reached XP level 8. HP: 44/44 MP: 14/22
  6970 | D:5      | Found a broken altar of Ashenzari.
  6990 | D:5      | Found a snail-covered altar of Cheibriados.
  7012 | D:5      | Reached skill level 9 in Spellcasting
  7020 | D:5      | Offered knowledge of Searing Ray by Vehumet.
  7138 | D:5      | Reached ** piety under Vehumet
  7444 | D:5      | Reached skill level 5 in Conjurations
  8036 | D:6      | Reached skill level 10 in Spellcasting
  8911 | D:7      | Reached XP level 9. HP: 34/49 MP: 12/25
  8946 | D:7      | Reached skill level 5 in Fire Magic
  9129 | D:7      | Reached skill level 11 in Spellcasting
  9245 | D:7      | Found a radiant altar of Vehumet.
  9337 | D:7      | Found an ancient bone altar of Kikubaaqudgha.
  9575 | D:8      | Noticed Pikel
  9603 | D:8      | Reached skill level 1 in Evocations
  9615 | D:8      | Killed Pikel
 10037 | D:8      | Found a glowing golden altar of the Shining One.
 10163 | D:9      | Reached skill level 12 in Spellcasting
 10167 | D:9      | Found an iron altar of Okawaru.
 10174 | D:9      | Slain by a fire bat

Illustrated notes

Levels and vault maps discovered:
D:1:      dpeg_arrival_arbitrary_c, layout_loops_corners
D:2:      wad_river_or_something, layout_loops_ring, basic_altar,
          ebering_ecumenical_altar_webs, dk_noncrumbling_3, minmay_nonomino_d4
D:3:      layout_rooms, xom_confusion_cloud, gammafunk_ghost_grave
D:4:      layout_gridville, nicolae_overflow_hidden_temple,
          gammafunk_temple_overflow_elements, minmay_temple_entry_waves,
          uniq_menkaure
D:5:      layout_loops_ring, slow_altar_1, kennysheep_mini_moat, serial_shops,
          shop, uniq_eustachio
D:6:      layout_basic, minmay_holes
D:7:      layout_cave_pools, lemuel_round_altar, kennysheep_mini
D:8:      layout_cave_pools, lemuel_doored_altar, uniq_pikel
D:9:      nzn_winding_woodlands_large [nzn_winding_woodlands_hourglass,
          nzn_winding_woodlands_5x15_pathside_ponds,
          nzn_winding_woodlands_5x5_cross, nzn_winding_woodlands_center_lodge,
          nzn_winding_woodlands_15x15_eel_pit,
          nzn_winding_woodlands_center_diamonds,
          nzn_winding_woodlands_5x5_default,
          nzn_winding_woodlands_5x15_sidewinder,
          nzn_winding_woodlands_5x5_perimeter], layout_long_grid,
          nicolae_overflow_crystal_walls, amcnicky_altar_gilded,
          lemuel_coloured_pillars_altar, lair_entry_dummy, the_hattery,
          uniq_psyche
Temple:   dpeg_chambers_temple

Skill      XL: |  1  2  3  4  5  6  7  8  9 |
---------------+----------------------------+-----
Spellcasting   | 5 6 7 8 10 12 | 12.0
Armour         | 1 2 3 |  3.0
Fighting       | 1 2 3 |  3.6
Conjurations   | 2 3 4 5 6 |  6.8
Fire Magic     | 1 3 4 5 |  5.9
Dodging        | 3 |  3.0
Stealth        | 3 |  3.0
Air Magic      | 1 |  1.1
Poison Magic   | 1 |  1.1
Evocations     | 1 |  1.1
Summonings     | |  1.1
Translocations | |  1.1

Action                   |  1- 3 |  4- 6 |  7- 9 || total
-------------------------+-------+-------+-------++-------
Melee: Dagger            |    11 |     3 |    15 ||    29
       Trident           |       |       |    86 ||    86
 Cast: Magic Dart        |   115 |   196 |   192 ||   503
       Call Imp          |       |     2 |     3 ||     5
       Conjure Flame     |       |     3 |    24 ||    27
       Mephitic Cloud    |       |       |    18 ||    18
       Blink             |       |       |     4 ||     4
Evoke: Wand              |       |       |     1 ||     1
 Stab: Sleeping          |       |     1 |     1 ||     2
       Confused          |       |       |     9 ||     9
Armor: Robe              |    14 |    13 |     3 ||    30
       Leather armour    |       |       |    27 ||    27
Dodge: Dodged            |    35 |    26 |    75 ||   136

Table legend: (Time is in decaauts)
 A = Elapsed time spent in this place.
 B = Non-inter-level travel time spent in this place.
 C = Inter-level travel time spent in this place.
 D = Time resting spent in this place.
 E = Time spent auto-exploring this place.
 F = Levels seen in this place.
 G = Mean time per level.
                   A        B        C        D        E       F      G
               +--------+--------+--------+--------+--------+-----+--------+
         Total |  10202 |   9899 |    303 |     65 |   8614 |  10 | 1020.2 |
       Dungeon |  10200 |   9897 |    303 |     65 |   8614 |   9 | 1133.3 |
        Temple |      1 |      1 |      0 |      0 |      0 |   1 |    1.0 |
               +--------+--------+--------+--------+--------+-----+--------+

Top non-repeatable levels by time:
     D:2: 2024 daAuts
     D:5: 1938 daAuts
     D:1: 1575 daAuts
     D:4: 1439 daAuts
     D:3: 1040 daAuts
     D:6: 847 daAuts
     D:8: 649 daAuts
     D:7: 612 daAuts
     D:9: 73 daAuts
  Temple: 1 daAuts
